 Dungeon Crawl Stone Soup version 0.31.0-32-g396128a36d (webtiles) character file.

Game seed: 16556413814536486859

1710 Peloso the Carver (level 8, -7/71 HPs)
             Began as a Minotaur Fighter on Apr 23, 2024.
             Was a Believer of Okawaru.
             Mangled by an ice devil (19 damage)
             ... summoned by a kobold demonologist
             ... on level 7 of the Dungeon.
             The game lasted 00:10:34 (5625 turns).

Peloso the Carver (Minotaur Fighter)                Turns: 5625, Time: 00:10:34

Health: -7/71      AC: 17    Str: 19 (22) XL:     8   Next: 74%
Magic:  7/7        EV:  6    Int:  3 (5)  God:    Okawaru [**....]
Gold:   367        SH:  5    Dex: 10 (11) Spells: 7/7 levels left

rFire   . . .        a - +0 long sword
rCold   . . .        d - +0 buckler
rNeg    . . .        v - +0 plate armour
rPois   .            (helmet restricted)
rElec   .            (no cloak)
rCorr   .            l - +0 pair of gloves
SInv    .            x - +1 pair of boots
Will    .....        w - amulet of regeneration Stlth
                     (no ring)
HPRegen 1.11/turn    (no ring)
MPRegen 0.10/turn

%: no passive effects
@: no status effects
A: horns 2, retaliatory headbutt
a: Renounce Religion, Heroism


You were on level 7 of the Dungeon.
You worshipped Okawaru.
Okawaru was pleased with you.
You visited 2 branches of the dungeon, and saw 8 of its levels.

You collected 367 gold pieces.

Inventory:

Hand Weapons
 a - a +0 long sword (weapon)
Armour
 b - a +0 scale mail
 d - a +0 buckler (worn)
 l - a +0 pair of gloves (worn)
 v - a +0 plate armour (worn)
 x - a +1 pair of boots (worn)
Magical Staves
 c - a staff of cold
Jewellery
 f - an amulet of guardian spirit
 g - an amulet of reflection
 w - an amulet of regeneration (around neck)
Scrolls
 e - a scroll of immolation
 h - a scroll of revelation
 n - 3 scrolls of torment
 u - a scroll of enchant weapon
Potions
 i - 5 potions of mutation
 j - a potion of ambrosia
 k - a potion of brilliance
 m - 3 potions of enlightenment
 o - a potion of berserk rage
 p - 3 potions of might
 r - a potion of haste {unknown}
 s - a potion of lignification
 t - a potion of curing
 z - a potion of invisibility {unknown}
 A - a potion of degeneration


   Skills:
 + Level 6.7 Fighting
 + Level 8.0 Long Blades
 + Level 7.8 Armour
 + Level 2.6 Dodging
 + Level 0.7 Stealth
 + Level 6.4 Shields
 + Level 0.3 Invocations


You had 7 spell levels left.
You didn't know any spells.
Your spell library contained the following spells:

 Spells                   Type           Power      Damage    Failure   Level
 Magic Dart               Conj           0%         1d3       100%        1
 Blink                    Tloc           0%         N/A       100%        2
 Ensorcelled Hibernation  Hex/Ice        0%         N/A       100%        2
 Passwall                 Erth           0%         N/A       100%        3
 Swiftness                Air            0%         N/A       100%        3
 Chain Lightning          Conj/Air       0%         N/A       100%        9
 Fire Storm               Conj/Fire      0%         5d1       100%        9
 Shatter                  Erth           0%         3d5*      100%        9
 Call Imp                 Summ           Unusable   N/A       N/A         2

Dungeon Overview and Level Annotations

Branches:
Dungeon (7/15)             Temple (1/1) D:4

Altars:
Ashenzari
Cheibriados
Dithmenos
Fedhas
Gozag
Kikubaaqudgha
Makhleb
Nemelex Xobeh
Okawaru
Sif Muna
Trog
Uskayaw
Vehumet
Wu Jian
Xom
Yredelemnul
Zin
The Shining One

Shops:
D:4 *   D:6 ?

Annotations:
D:6 3 runed translucent doors, riffraff's ghost, novice SpHs


Innate Abilities, Weirdness & Mutations

You have a pair of horns on your head.
You reflexively headbutt those who attack you in melee.


Message History

You see here the +4 ring mail of Vuanoog {^Drain Int+4}.
The kobold demonologist begins to cast a cantrip, but forgets the words!
The ice devil hits you but does no damage.
The gnoll hits you but does no damage.
You hit the ice devil.
The ice devil is lightly wounded.
You block the ice devil's attack. The gnoll hits you but does no damage.
You barely miss the ice devil. Your headbutt misses the ice devil.
The ice devil is lightly wounded.
The ice devil hits you! The ice devil freezes you!!
The gnoll completely misses you.
You barely miss the ice devil.
The ice devil is lightly wounded.
The ice devil hits you but does no damage.
The gnoll hits you but does no damage.
You barely miss the ice devil. You headbutt the ice devil.
The ice devil is lightly wounded.
The ice devil hits you but does no damage.
The gnoll hits you from afar with a +0 spear.
You hit the ice devil but do no damage.
The ice devil is lightly wounded.
The ice devil hits you. The ice devil freezes you!
The gnoll hits you but does no damage.
The ice devil attacks as it pursues you!
The ice devil hits you. The ice devil freezes you!!
* * * LOW HITPOINT WARNING * * *
You feel better. You block the ice devil's attack.
The gnoll hits you but does no damage.
Okay, then.
It was a potion of degeneration.
There was something very wrong with that liquid.
You feel weakened.
You feel dopey.
You feel clumsy.
The ice devil hits you but does no damage.
The kobold demonologist casts a spell.
The gnoll hits you but does no damage.
It was a potion of cancellation.
You feel magically purged. The ice devil hits you.
* * * LOW HITPOINT WARNING * * *
The ice devil freezes you!!
You die...

# ###.#
......
######......
#g5..K......
#K##[....g..
#.
#4##.....#..
#.##@##.....#
..#.######.#
#.#.# .#
#####.#.# #
........#
........#
......).#+##
####.......#
#.......#


You could see an ice devil (summoned), a kobold demonologist, a gnoll and an
ufetubus (summoned).

Vanquished Creatures
  Sigmund (D:4)
  2 orc warriors
  4 ice beasts
  2 black bears (D:6)
  A phantom (D:5)
  4 scorpions
  2 howler monkeys
  2 jellies
  A bombardier beetle (D:5)
  A hound (D:6)
  An iguana (D:4)
  5 orc wizards
  4 adders
  4 gnolls
  A shadow imp (D:5)
  A white imp (D:7)
  2 ufetubi (D:6)
  A dart slug (D:1)
  2 ribbon worms
  11 orcs
  11 ball pythons
  6 endoplasms
  5 giant cockroaches (D:1)
  6 goblins
  8 hobgoblins
  6 kobolds
  4 quokkas
  6 bats
  5 frilled lizards
  7 rats
116 creatures vanquished.

Notes
Turn   | Place    | Note
-------+----------+-------------------------------------------
     0 | D:1      | Peloso the Minotaur Fighter began the quest for the Orb.
     0 | D:1      | Reached XP level 1. HP: 19/19 MP: 0/0
    79 | D:1      | Reached XP level 2. HP: 27/27 MP: 1/1
   321 | D:1      | Reached XP level 3. HP: 33/33 MP: 2/2
   594 | D:1      | Reached skill level 3 in Long Blades
  1174 | D:2      | Reached skill level 1 in Dodging
  1174 | D:2      | Reached XP level 4. HP: 38/40 MP: 3/3
  1228 | D:2      | Found a faded altar of an unknown god.
  1929 | D:3      | Found a shadowy altar of Dithmenos.
  2540 | D:4      | Reached skill level 4 in Long Blades
  2567 | D:4      | Found a staircase to the Ecumenical Temple.
  2581 | D:4      | Noticed Sigmund
  2583 | D:4      | Found Gozag's Platinum Reserve.
  2583 | D:4      | Found an opulent altar of Gozag.
  2607 | Temple   | Entered the Ecumenical Temple
  2629 | Temple   | Became a worshipper of Warmaster Okawaru
  2683 | D:4      | Killed Sigmund
  2684 | D:4      | Reached skill level 5 in Long Blades
  2684 | D:4      | Reached skill level 5 in Armour
  2684 | D:4      | Reached XP level 5. HP: 16/47 MP: 4/4
  2684 | D:4      | Reached XP level 6. HP: 19/53 MP: 5/5
  2886 | D:4      | You fall into a shaft and drop 1 floor!
  2886 | D:5      | Entered Level 5 of the Dungeon
  2886 | D:5      | Found a radiant altar of Vehumet.
  2986 | D:5      | Reached * piety under Okawaru
  3322 | D:4      | Noticed an orc warrior
  3363 | D:4      | Killed an orc warrior
  3364 | D:4      | Reached skill level 5 in Fighting
  3364 | D:4      | Reached skill level 6 in Long Blades
  3364 | D:4      | Reached XP level 7. HP: 12/61 MP: 3/6
  3415 | D:4      | Reached skill level 5 in Shields
  3921 | D:4      | Found a sparkling altar of Nemelex Xobeh.
  4438 | D:5      | Reached XP level 8. HP: 62/68 MP: 7/7
  4627 | D:5      | Identified the +0 ring mail of Privacy {-Cast Fly rC+
                  | Regen+}
  4891 | D:6      | Found a runed translucent gate.
  4892 | D:6      | Found a runed translucent gate.
  4893 | D:6      | Found a runed translucent gate.
  4895 | D:6      | Noticed riffraff's ghost (novice SpHs)
  4962 | D:6      | Reached ** piety under Okawaru
  4963 | D:6      | Reached skill level 7 in Long Blades
  5362 | D:6      | Found The Oracle's Delphic Readings.
  5504 | D:6      | Found a shimmering blue altar of Sif Muna.
  5514 | D:6      | Reached skill level 8 in Long Blades
  5605 | D:7      | Noticed a kobold demonologist
  5608 | D:7      | Noticed an ice devil
  5608 | D:7      | Identified the +4 ring mail of Vuanoog {^Drain Int+4}
  5622 | D:7      | HP: 3/71 [ice devil[a kobold demonologist] (19)]
  5625 | D:7      | Mangled by an ice devil

Illustrated notes

Levels and vault maps discovered:
D:1:      dpeg_arrival_prison, layout_loops_ring
D:2:      layout_rooms, ebering_ecumenical_altar_mist, kennysheep_generic_room_2
D:3:      layout_basic, grunt_dithmenos_smoke_and_mirrors, minmay_cupped
D:4:      layout_basic, nicolae_gozag_zags_fifth_avenue,
          nemelex_spade_bored_becter, minmay_temple_entry_large_hall,
          minmay_strange_pillars, uniq_sigmund
D:5:      layout_layer_cave, fiery_altar_vehumet
D:6:      layout_basic, mainiacjoe_overflow_tiny_flanked,
          gammafunk_ghost_nasty_kobolds, kennysheep_pointless_box,
          nicolae_nh_oracle_at_delphi
D:7:      layout_basic, enter_bailey_3, uniq_maurice
Temple:   nicolae_temple_ecumenical_triangle

Skill      XL: |  1  2  3  4  5  6  7  8 |
---------------+-------------------------+-----
Fighting       | 4 5 6 |  6.7
Shields        | 4 5 6 |  6.4
Armour         | 4 5 6 7 |  7.8
Long Blades    | 3 5 6 8 |  8.0
Dodging        | 1 2 |  2.6
Stealth        | |  0.7
Invocations    | |  0.3

Action                     |  1- 3 |  4- 6 |  7- 9 || total
---------------------------+-------+-------+-------++-------
  Melee: Long sword        |    94 |   153 |   157 ||   404
         Headbutt          |    15 |    23 |    41 ||    79
 Invoke: Heroism           |       |     2 |       ||     2
    Use: Scroll            |     4 |     1 |     6 ||    11
         Potion            |     2 |     2 |     3 ||     7
 Armour: Scale mail        |    65 |    94 |     1 ||   160
         Plate armour      |       |       |   174 ||   174
  Dodge: Dodged            |    35 |    67 |    62 ||   164
  Block: Buckler           |    46 |    67 |    64 ||   177
         Reflection        |     2 |       |       ||     2
